 Dungeon Crawl Stone Soup version 0.28.0-47-ge53b351184 (webtiles) character file.

Game seed: 16418381631727153019

2212 firemarshallily the Thaumaturge (level 9, -4/63 HPs)
             Began as a Djinni Summoner on May 4, 2022.
             Was an Initiate of Ashenzari.
             Shot with an arrow by a centaur (14 damage)
             ... on level 7 of the Dungeon.
             The game lasted 00:36:55 (8565 turns).

firemarshallily the Thaumaturge (Djinni Summoner)   Turns: 8565, Time: 00:36:56

Health: -4/63      AC:  2    Str:  7    XL:     9   Next: 61%
Gold:   687        EV: 14    Int: 21    God:    Ashenzari [......] SH:  0 Dex: 23

rFire   + + .      SeeInvis .   v - +9 mace of Matugen {protect, rCorr Dex+3}
rCold   x . .      Faith    .   (no shield)
rNeg    . . .      Spirit   .   a - +0 robe
rPois   ∞          Reflect  .   (no helmet)
rElec   .          Harm     .   (no cloak)
rCorr   +          Rampage  .   (no gloves)
Will    +....                   (boots unavailable)
Stlth   +++.......              (no amulet)
HPRegen 0.20/turn               d - +6 ring of dexterity
MPRegen 0.00/turn               l - ring "Cryptic Frustration" {Will+, Cun, Self} (curse)

@: flying
A: sickness immunity, fire resistance 2, cold vulnerability 1, float, innate
caster, HP casting, extra vitality 1
a: Renounce Religion, Curse Item, Shatter the Chains


You were on level 7 of the Dungeon.
You worshipped Ashenzari.
Ashenzari was noncommittal.
You visited 1 branch of the dungeon, and saw 7 of its levels.

You collected 709 gold pieces.
You spent 22 gold pieces at shops.

Inventory:

Hand Weapons
 v - the +9 mace of Matugen (weapon) {protect, rCorr Dex+3}
   (You found it on level 5 of the Dungeon)

   It grants its wielder temporary protection when it strikes (+7 to AC).
   Dex:       It affects your dexterity (+3).
   rCorr:     It protects you from acid and corrosion.
Missiles
 c - 169 stones
 x - 2 poisoned darts
Armour
 a - a +0 robe (worn)
Jewellery
 d - a +6 ring of dexterity (left hand)
 l - the cursed ring "Cryptic Frustration" (right hand) {Will+, Cun, Self}
   (You found it on level 3 of the Dungeon)

   [ring of willpower]

   Will:      It increases your willpower.
   It has a curse which improves the following skills: Cunning: Dodging and
   Stealth.
   Introspection: Fighting and Spellcasting.
 s - a ring of fire
 w - a ring of see invisible
Scrolls
 b - a scroll of enchant armour {unknown}
 g - a scroll of magic mapping
 i - a scroll of identify
 j - a scroll of torment {unknown}
 m - 5 scrolls of enchant weapon {unknown}
 o - a scroll of immolation
 q - a scroll of amnesia {unknown}
 r - a scroll of summoning
 u - 4 scrolls of fog {unknown}
Potions
 e - a potion of ambrosia
 f - a potion of attraction {unknown}
 h - 4 potions of curing
 k - 2 potions of invisibility {unknown}
 n - 2 potions of lignification {unknown}
 p - a potion of haste
 t - 2 potions of mutation {unknown}
 z - a potion of flight {unknown}


   Skills:
 + Level 4.0(4.4) Fighting
 + Level 3.0(3.3) Dodging
 + Level 2.2(2.6) Stealth
 * Level 9.2(9.6) Spellcasting


You had 4 spell levels left.
You knew the following spells:

 Your Spells              Type           Power      Damage    Failure   Level
a - Summon Small Mammal   Summ           100%       N/A       1%          1
b - Call Imp              Summ           50%        N/A       1%          2
c - Call Canine Familiar  Summ           50%        N/A       1%          3
d - Summon Guardian Gole  Hex/Summ       50%        N/A       1%          3
e - Summon Lightning Spi  Summ/Air       50%        N/A       1%          4
f - Pain                  Necr           100%       1d9       1%          1
g - Poisonous Vapours     Pois/Air       100%       N/A       1%          2
h - Ozocubu's Armour      Ice            50%        N/A       1%          3
i - Dispel Undead         Necr           50%        3d19      1%          4
Your spell library was empty.

Dungeon Overview and Level Annotations

Branches:
Dungeon (7/15)             Temple (0/1) D:5

Altars:
Ashenzari
Fedhas
Makhleb
Nemelex Xobeh

Shops:
D:5 *


Innate Abilities, Weirdness & Mutations

You are immune to sickness and miasma.
You are immune to poison.
Your flesh is very heat resistant. (rF++)
You are vulnerable to cold. (rC-)
You float through the air rather than walking.
You learn spells naturally, not from books.
Your magical power is your life essence.
You have superior vitality. (+4 MHP)


Message History

The centaur shoots an arrow.
The arrow hits you!
The centaur shoots an arrow.
The arrow hits you!
There is an open door here.
You swap places.
The centaur shoots an arrow.
The arrow hits your wolf! What are your orders? t - Shout!
Orders for allies: a - Attack new target. r - Retreat! s - Stop attacking. g - Guard the area. f - Follow me.
Anything else - Cancel.
Gang up on whom?
Press: ? - help, Dir - move target, f - centaur
Aim: a centaur, wielding a +0 shortbow, wearing a +0 robe and quivering arrows Attack!
The centaur shoots an arrow.
The arrow closely misses your wolf. The arrow hits you!
Casting: Summon Small Mammal (safe; 1% risk of failure)
Confirm with . or Enter, or press ? or * to list all spells.
A beastly little devil appears in a puff of flame.
Your wolf completely misses the centaur.
The centaur shoots an arrow.
The arrow barely misses your wolf. The arrow hits you.
Your wolf bites the centaur but does no damage.
The centaur shoots an arrow.
The arrow hits your wolf!
Your wolf barely misses the centaur.
Casting: Call Imp (safe; 1% risk of failure)
Confirm with . or Enter, or press ? or * to list all spells.
The centaur shoots an arrow.
The arrow hits your wolf!
Your wolf dies!
Your wolf's corpse disappears in a puff of smoke!
The centaur shoots an arrow.
The arrow hits you!
* * * LOW HITPOINT WARNING * * *
Casting: Summon Small Mammal (safe; 1% risk of failure)
Confirm with . or Enter, or press ? or * to list all spells.
* * * LOW HITPOINT WARNING * * *
Your crimson imp barely misses the centaur.
The centaur shoots an arrow.
The arrow closely misses your crimson imp.
The arrow hits you!
You die...

######### #.......# # #.
#.......#########.. #.#
#..............##.### #.#
#.......#......#....# #.#
#.......#......#c.#.####.####
#.......##.....#............##
####...........h@##......#.....'.
).##........###r5##....#.#..[..#.
..''.............c§c§..#.......#.
..##............###...##########.
..#####....#.##.# #...# #.
................# #...# #.
...###........### #...# ####.
+#.#....).....# #...# #....
#.#.###))....# #...# #....


You could see a centaur (ally target), a friendly wolf (summoned), a friendly
crimson imp (summoned) and a friendly quokka (summoned).

Vanquished Creatures
  A water moccasin (D:7)
  A centaur (D:6)
  A centaur skeleton (D:5)
  A hound (D:4)
  An ufetubus (D:5)
  A dart slug (D:4)
  An endoplasm (D:4)
  2 goblins (D:1)
  A hobgoblin (D:4)
  A jackal (D:1)
  2 quokkas (D:1)
  2 ball pythons
  2 rats
17 creatures vanquished.

Vanquished Creatures (collateral kills)
  An oklob plant (D:4)
  Sigmund (D:5)
  Edmund (D:6)
  A sky beast (D:6)
  An ogre (D:5)
  Blork the orc (D:6)
  2 bullfrogs (D:7)
  A scorpion (D:7)
  5 wights (D:7)
  A centaur zombie (D:7)
  3 bullfrog skeletons
  2 centaur skeletons
  2 gnoll shamans
  A hound (D:5)
  An orc priest (D:7)
  2 iguanas
  3 orc wizards
  12 gnolls
  5 adders
  A shadow imp (D:5)
  An adder skeleton (D:4)
  2 dart slugs
  13 orcs
  12 bats
  4 endoplasms
  6 giant cockroaches
  8 hobgoblins
  9 jackals
  8 kobolds
  A quokka (D:1)
  7 ball pythons
  4 goblins
  10 rats
  3 bushes (D:3)
135 creatures vanquished.

Vanquished Creatures (others)
  15 fungi (D:4)
  30 plants
45 creatures vanquished.

Grand Total: 197 creatures vanquished

Notes
Turn   | Place    | Note
-------+----------+-------------------------------------------
     0 | D:1      | firemarshallily the Djinni Summoner began the quest for the
                  | Orb.
     0 | D:1      | Reached XP level 1. HP: 15/15 MP: 0/0
   310 | D:1      | Reached XP level 2. HP: 17/21 MP: 0/0
   628 | D:1      | Reached XP level 3. HP: 13/25 MP: 0/0
   628 | D:1      | Learned a level 1 spell: Pain
   858 | D:1      | Found a faded altar of an unknown god.
   866 | D:1      | Prayed at the altar of an unknown god.
   866 | D:1      | Became a worshipper of Ashenzari the Shackled
  1527 | D:2      | Reached XP level 4. HP: 22/31 MP: 0/0
  2045 | D:2      | Found a sparkling altar of Nemelex Xobeh.
  2148 | D:2      | Reached skill level 4 in Spellcasting
  2685 | D:3      | Reached XP level 5. HP: 21/35 MP: 0/0
  2685 | D:3      | Learned a level 2 spell: Poisonous Vapours
  4643 | D:4      | Reached XP level 6. HP: 22/40 MP: 0/0
  4994 | D:4      | Reached skill level 5 in Spellcasting
  5078 | D:4      | Found a blossoming altar of Fedhas.
  5096 | D:4      | Noticed an oklob plant
  5180 | D:4      | Killed an oklob plant
  5181 | D:4      | Reached skill level 6 in Spellcasting
  5181 | D:4      | Reached XP level 7. HP: 16/45 MP: 0/0
  5181 | D:4      | Learned a level 3 spell: Ozocubu's Armour
  5804 | D:5      | Entered Level 5 of the Dungeon
  5910 | D:5      | Identified the +9 mace of Matugen {protect, rCorr Dex+3}
  5965 | D:5      | Noticed Sigmund
  5978 | D:5      | Killed Sigmund
  5979 | D:5      | Reached skill level 7 in Spellcasting
  5979 | D:5      | Reached XP level 8. HP: 44/50 MP: 0/0
  6009 | D:5      | Found Lokhloti's General Store.
  6012 | D:5      | Bought a scroll of identify for 22 gold pieces
  6012 | D:5      | Identified a scroll of acquirement
  6013 | D:5      | Acquired 381 gold pieces
  6114 | D:5      | Found a burning altar of Makhleb.
  6391 | D:5      | Found a staircase to the Ecumenical Temple.
  7116 | D:6      | Noticed Edmund
  7123 | D:6      | Killed Edmund
  7124 | D:6      | Reached skill level 1 in Fighting
  7124 | D:6      | Reached skill level 8 in Spellcasting
  7379 | D:6      | Noticed Blork the orc
  7389 | D:6      | Killed Blork the orc
  7390 | D:6      | Reached XP level 9. HP: 53/59 MP: 0/0
  7390 | D:6      | Learned a level 4 spell: Dispel Undead
  8301 | D:7      | Reached skill level 9 in Spellcasting
  8565 | D:7      | Shot with an arrow by a centaur

Illustrated notes

Levels and vault maps discovered:
D:1:      psy_arrival_dodecagon, layout_loops_ring, serial_forest,
          infiniplex_forest_lined_2, infiniplex_forest_clump_double,
          infiniplex_forest_lined_room_, infiniplex_forest_straight_4,
          infiniplex_forest_corner_1, infiniplex_forest_side_room,
          hellmonk_ecumenical_altar_arch_garden, hangedman_decor_peaks_small
D:2:      minmay_spotlight, layout_basic, basic_altar, lemuel_another_geyser
D:3:      layout_loops_ring, serial_forest, infiniplex_forest_end_2,
          infiniplex_forest_straight_2, infiniplex_forest_clump_double,
          infiniplex_forest_end_2, infiniplex_forest_straight_2
D:4:      layout_cave_pools, tgw_fedhas, minmay_misc_feat_x,
          hangedman_decor_riveting, minmay_misc_feat_four_crosses,
          hangedman_minor_gate_pass
D:5:      layout_basic, bloody_makhleb, temple_doors_cd, serial_shops,
          kennysheep_mini, grunt_decor_fettered, uniq_sigmund
D:6:      layout_basic, uniq_blork_the_orc, uniq_edmund
D:7:      layout_basic, lemuel_crystal_altar

Skill      XL: |  1  2  3  4  5  6  7  8  9 |
---------------+----------------------------+-----
Stealth        | 2 |  2.2
Dodging        | 3 |  3.0
Spellcasting   | 4 6 7 8 9 |  9.2
Fighting       | 2 4 |  4.0

Action                   |  1- 3 |  4- 6 |  7- 9 || total
-------------------------+-------+-------+-------++-------
Melee: Unarmed           |    12 |       |       ||    12
       Punch             |     2 |     8 |     3 ||    13
       Dagger            |    63 |   284 |    56 ||   403
       Mace              |       |       |    28 ||    28
 Cast: Summon Small Mamm |    38 |    76 |    55 ||   169
       Call Imp          |    10 |    33 |    18 ||    61
       Call Canine Famil |       |    22 |    23 ||    45
       Summon Lightning  |       |       |     6 ||     6
       Pain              |       |       |     3 ||     3
       Summon Guardian G |       |       |     1 ||     1
Invok: Curse Item        |       |       |     1 ||     1
  Use: Scroll            |     3 |     1 |     3 ||     7
       Potion            |       |     1 |       ||     1
 Stab: Sleeping          |       |     1 |       ||     1
       Distracted        |       |       |     3 ||     3
Armor: Robe              |    15 |    17 |    10 ||    42
Dodge: Dodged            |    73 |    66 |    41 ||   180
